Map: [ESL] Solaris

Players

DRG

  • Race: Zerg Zerg
  • Spawn Location: 7:00

Cham - Winner!

  • Race: Zerg Zerg
  • League: Master
  • Spawn Location: 1:00

Event: IEM Katowice 2024

VOD

Have the link to the VOD?

Description

Time

  • Played on: Dec. 10, 2023, 6:52 p.m.
  • Length: 12:00

All games in this series

Show
View Real Time Build Order
Export as new Build Order

DRG Zerg 

Build Orders: Hatch First, Roach Hydra 

Get SALT Encoding   

  12  0:00  Drone  
  13  0:12  Overlord  
  13  0:16  Drone  
  14  0:30  Drone x2  
  16  0:47  Hatchery  
  15  0:51  Drone  
  15  0:54  Drone  
  17  0:57  Drone  
  18  1:09  Extractor  
  17  1:13  Spawning Pool  
  17  1:15  Drone  
  17  1:19  Drone  
  18  1:28  Drone  
  19  1:38  Drone  
  20  1:49  Drone  
  21  1:59  Queen  
  21  2:00  Queen  
  21  2:01  Overlord  
  25  2:02  Drone  
  26  2:09  Metabolic Boost  
  26  2:10  Drone x2  
  28  2:21  Zergling x4  
  30  2:32  Drone x2  
  32  2:40  Hatchery  
  32  2:44  Queen  
  31  2:49  Baneling Nest  
  32  2:53  Overlord  
  32  2:55  Drone  
  33  2:59  Drone  
  33  3:01  Drone  
  33  3:04  Drone  
  36  3:13  Zergling x6  
  36  3:15  Overlord  
  36  3:18  Drone  
  36  3:19  Drone  
  41  3:24  Drone x2  
  41  3:25  Drone  
  44  3:34  Baneling x2  
  44  3:38  Baneling  
  44  3:41  Zergling x12  
  44  3:45  Zergling x4  
  51  3:52  Zergling x6  
  52  4:03  Drone x3  
  52  4:06  Queen  
  54  4:11  Drone x3  
  54  4:14  Overlord  
  54  4:16  Overlord  
  57  4:22  Overlord  
  57  4:23  Drone  
  57  4:24  Overlord  
  56  4:31  Zergling x2, Extractor  
  56  4:32  Roach Warren  
  56  4:33  Zergling x2  
  56  4:34  Zergling x2  
  56  4:36  Zergling x2  
  58  4:42  Drone x2  
  60  4:47  Zergling x2  
  60  4:49  Zergling x4  
  60  4:51  Baneling x2  
  62  4:55  Overlord  
  62  4:58  Overlord  
  54  5:12  Roach x8  
  69  5:16  Roach  
  69  5:20  Roach  
  72  5:23  Evolution Chamber  
  72  5:25  Roach  
  72  5:27  Roach x3  
  78  5:30  Roach  
  78  5:32  Roach x2  
  84  5:38  Roach  
  84  5:40  Overlord  
  84  5:42  Roach  
  88  5:48  Roach  
  89  5:51  Drone  
  89  5:52  Drone x4  
  89  5:54  Roach  
  96  6:00  Roach x2  
  100  6:08  Drone x5  
  105  6:17  Overlord  
  105  6:20  Zerg Missile Weapons Level 1  
  105  6:23  Extractor  
  105  6:24  Drone x4  
  105  6:25  Drone x3  
  111  6:30  Overlord  
  110  6:33  Overlord  
  110  6:35  Drone  
  110  6:36  Drone x3  
  110  6:38  Overlord  
  110  6:39  Drone  
  115  6:44  Lair  
  115  6:47  Drone x3  
  115  6:48  Drone  
  115  6:50  Extractor  
  115  6:51  Extractor x2  
  115  6:52  Roach  
  118  6:58  Roach x2  
  118  6:59  Overlord  
  124  7:01  Roach x2  
  124  7:04  Overlord  
  126  7:09  Roach  
  126  7:10  Drone  
  126  7:12  Drone x3  
  131  7:16  Drone x4  
  131  7:22  Overlord  
  135  7:23  Roach  
  135  7:28  Roach  
  139  7:32  Overlord  
  139  7:35  Overlord  
  139  7:36  Roach  
  139  7:37  Roach  
  143  7:40  Pneumatized Carapace  
  143  7:43  Glial Reconstitution  
  143  7:46  Overseer, Hydralisk Den  
  143  7:47  Hatchery  
  143  7:50  Roach x3  
  147  7:53  Overlord  
  147  7:55  Roach  
  147  7:56  Roach  
  147  7:58  Roach x2  
  155  8:01  Roach x2  
  159  8:06  Overlord  
  159  8:10  Overlord  
  159  8:16  Zerg Missile Weapons Level 2  
  159  8:17  Grooved Spines  
  159  8:18  Hydralisk x3  
  165  8:21  Spore Crawler  
  165  8:22  Spore Crawler  
  165  8:24  Spore Crawler  
  162  8:27  Baneling  
  162  8:28  Baneling  
  162  8:31  Hydralisk x3  
  168  8:39  Hydralisk  
  168  8:40  Hydralisk x2  
  174  8:49  Hydralisk x3  
  162  8:58  Hydralisk x3  
  156  9:09  Hydralisk x3  
  134  9:17  Hydralisk x3  
  124  9:24  Muscular Augments  
  122  9:34  Hydralisk x3  
  120  9:41  Infestation Pit  
  120  9:44  Roach x3  
  120  9:45  Spore Crawler  
  124  9:50  Roach x4  
  132  9:58  Roach x5  
  142  10:06  Queen  
  141  10:17  Roach x11  
  163  10:23  Roach x2  
  167  10:36  Drone  
  167  10:37  Drone, Spore Crawler, Extractor  
  167  10:38  Drone x5  
  172  10:55  Infestor x2  
  176  10:58  Overlord x2  
  176  11:00  Roach  
  176  11:01  Roach  
  180  11:11  Roach x5  
  190  11:29  Roach x4  
Show
View Real Time Build Order
Export as new Build Order

Cham Zerg - Winner!

Build Orders: Hatch First 

Get SALT Encoding   

  12  0:00  Drone  
  13  0:13  Overlord  
  13  0:17  Drone  
  14  0:31  Drone x2  
  16  0:47  Hatchery  
  15  0:51  Drone  
  15  0:54  Drone  
  17  1:08  Spawning Pool  
  17  1:10  Drone  
  17  1:14  Extractor  
  17  1:16  Drone  
  17  1:19  Drone  
  18  1:28  Drone  
  19  1:39  Drone  
  20  1:50  Drone  
  21  1:59  Queen  
  21  2:00  Queen  
  25  2:02  Drone  
  25  2:03  Overlord  
  26  2:11  Drone x2  
  26  2:15  Metabolic Boost  
  28  2:27  Hatchery  
  27  2:33  Zergling x2  
  27  2:34  Zergling x2  
  29  2:42  Baneling Nest  
  28  2:45  Drone x2  
  28  2:48  Overlord  
  30  2:54  Drone x2  
  30  2:57  Drone  
  33  3:07  Drone  
  33  3:09  Zergling x6  
  33  3:10  Zergling x2  
  38  3:13  Drone  
  38  3:14  Zergling x2  
  40  3:21  Drone  
  40  3:22  Overlord  
  41  3:29  Baneling x3  
  41  3:30  Zergling x2  
  42  3:36  Zergling x2  
  42  3:39  Drone  
  42  3:40  Overlord  
  44  3:41  Drone  
  44  3:42  Drone x2  
  44  3:44  Drone x2  
  50  3:48  Drone x2  
  50  3:56  Drone x2  
  50  3:57  Overlord  
  52  4:07  Overlord  
  52  4:08  Drone  
  53  4:10  Extractor  
  53  4:11  Roach Warren  
  53  4:12  Zergling x2, Extractor  
  53  4:13  Zergling x2, Baneling x2  
  53  4:15  Zergling x4  
  54  4:17  Zergling x2  
  54  4:22  Zergling x2  
  55  4:27  Zergling x6  
  57  4:32  Queen  
  57  4:33  Overlord  
  57  4:37  Baneling  
  59  4:44  Overlord  
  59  4:51  Overlord  
  59  4:52  Roach x5  
  69  4:55  Roach  
  71  5:01  Roach x2  
  67  5:11  Roach x2  
  67  5:13  Roach x3  
  77  5:18  Roach  
  77  5:19  Roach  
  79  5:25  Zergling x2, Roach x2  
  83  5:28  Zergling x2  
  83  5:29  Zergling x2  
  83  5:31  Zergling x2  
  83  5:32  Zergling x2  
  87  5:36  Zergling x4  
  87  5:37  Zergling x2  
  87  5:38  Baneling  
  87  5:40  Zergling x2  
  91  5:48  Zergling x6  
  92  5:50  Drone  
  92  5:55  Drone  
  92  5:56  Drone  
  93  5:57  Lair  
  93  6:00  Drone  
  93  6:01  Drone  
  93  6:03  Drone  
  96  6:07  Drone x2  
  97  6:13  Drone x3  
  97  6:15  Drone  
  97  6:17  Extractor  
  101  6:18  Drone x2  
  101  6:20  Drone  
  101  6:21  Drone  
  101  6:25  Overlord  
  104  6:29  Drone  
  104  6:30  Drone  
  106  6:33  Overlord x2  
  106  6:37  Overlord  
  106  6:42  Overlord  
  106  6:45  Drone x3  
  106  6:46  Drone x2  
  111  6:48  Drone x2  
  113  6:55  Spire  
  113  6:57  Extractor  
  112  7:02  Drone  
  112  7:03  Spire  
  112  7:06  Extractor  
  111  7:10  Drone x4  
  111  7:12  Drone  
  111  7:13  Drone  
  111  7:14  Drone  
  118  7:17  Evolution Chamber  
  118  7:20  Drone x2  
  118  7:21  Overlord, Hatchery  
  118  7:24  Roach  
  118  7:27  Glial Reconstitution  
  119  7:31  Overlord  
  119  7:34  Drone x2  
  119  7:35  Overlord x2  
  121  7:40  Overlord  
  121  7:43  Zerg Missile Weapons Level 1  
  121  7:44  Overlord  
  121  7:53  Drone x3  
  121  7:54  Drone x4  
  121  7:55  Extractor x2  
  126  8:00  Overlord  
  126  8:14  Mutalisk x9  
  126  8:17  Mutalisk  
  146  8:20  Mutalisk  
  146  8:21  Mutalisk  
  146  8:25  Drone  
  151  8:27  Mutalisk  
  151  8:28  Mutalisk  
  151  8:30  Overlord  
  151  8:32  Mutalisk  
  151  8:33  Mutalisk  
  157  8:37  Mutalisk  
  157  8:39  Overlord  
  161  8:41  Zerg Flyer Weapons Level 1  
  161  8:44  Mutalisk  
  161  8:46  Zergling x6  
  165  8:51  Roach x2  
  165  8:52  Roach  
  165  8:53  Roach  
  158  8:56  Roach  
  158  8:58  Roach x2  
  158  9:01  Roach  
  144  9:02  Roach  
  144  9:05  Roach  
  144  9:06  Roach  
  130  9:10  Roach  
  122  9:19  Roach x4  
  122  9:20  Roach  
  131  9:24  Roach  
  131  9:25  Roach  
  131  9:31  Roach x2  
  139  9:40  Centrifugal Hooks  
  139  9:42  Drone x6  
  145  9:47  Drone x4  
  149  9:55  Overlord  
  149  9:57  Overlord  
  149  9:58  Roach x2  
  154  10:00  Zergling x4  
  154  10:02  Roach  
  154  10:04  Roach  
  159  10:08  Roach x2  
  159  10:09  Roach  
  165  10:15  Roach  
  165  10:20  Roach x3  
  173  10:23  Roach x2  
  173  10:24  Roach  
  179  10:30  Zergling x4  
  179  10:31  Zergling x8  
  179  10:33  Zergling x6  
  188  10:35  Zergling x2  
  188  10:36  Zergling x2  
  188  10:37  Zergling x2  
  188  10:41  Zergling x4, Overseer  
  188  10:42  Pneumatized Carapace  
  193  10:44  Zergling x2  
  193  10:47  Zergling x2  
  195  10:53  Queen x2  
  195  10:55  Baneling  
  195  10:56  Baneling x11  
  199  10:57  Baneling x2  
  199  10:58  Baneling x2  
  199  10:59  Baneling x2  
  199  11:00  Baneling  
  199  11:01  Baneling x2  
  199  11:06  Baneling  
  199  11:07  Baneling x11  
  199  11:10  Overseer  
  199  11:12  Baneling x3  
  193  11:19  Roach x2  
  193  11:20  Roach x2  
  193  11:25  Ravager  
  200  11:34  Infestation Pit  

Tags
 
Add a new tag
Caveats
  • Supply blocks, unpowered buildings, or Contaminate may cause inaccurate times.
  • Supply counts are checked every 10 seconds.